AoeStats
← Michi3052

Hideout

508275465Analyzed
1v1 RM · 11d ago on Sep 21, 2026· 34m 16s· 2 players
Game mode
Random Map
Map size
Tiny (2 player)
Population
200
Speed
Normal
Resources
Standard
Victory
Conquest
Starting age
Dark Age
Ending age
Imperial Age
RankedLock teamsTeams togetherTeam positionsShared explorationLock speedFull tech treeHidden civsTurbo modeCheats
Victory
Defeat
🇪🇸 Magyars · Spain
700
+18
🇨🇷 Berbers · Costa Rica
750
-18
Michi3052
10:53 Feudal Age
11:20 Double-Bit Axe
12:31 Man-at-Arms
17:42 Scale Mail Armor
22:14 Castle Age
22:32 Crossbowman
22:35 Long Swordsman
30:32 Arson
31:09 Chain Mail Armor
31:38 Wheelbarrow
MarineMist64428
10:15 Feudal Age
13:45 Man-at-Arms
18:58 Castle Age
21:25 Double-Bit Axe
26:48 Horse Collar
36:08 Imperial Age
Connection lost

Rejoining the realm…

Still unreachable

The connection could not be restored.

Session expired

The server has moved on; the page needs a fresh start.